 Dungeon Crawl Stone Soup version 0.30-a0-279-g4b46babb21 (webtiles) character file.

Game seed: 11269577658142146206

665 hikkokomori the Shooter (level 7, 0/45 HPs)
             Began as a Tengu Hunter on Oct 17, 2022.
             Slain by an ogre
             ... wielding a +0 giant spiked club
              (11 damage)
             ... on level 5 of the Dungeon.
             The game lasted 00:14:14 (4794 turns).

hikkokomori the Shooter (Tengu Hunter)              Turns: 4794, Time: 00:14:14

Health: 0/45       AC:  4    Str: 11    XL:     7   Next: 57%
Magic:  8/8        EV: 14    Int:  9    God:
Gold:   244        SH:  0    Dex: 20    Spells: 6/6 levels left

rFire   + . .      SeeInvis .    a - +0 shortbow
rCold   + . .      Faith    .    (shield currently unavailable)
rNeg    . . .      Spirit   .    c - +0 leather armour
rPois   .          Reflect  .    (helmet restricted)
rElec   .          Harm     .    k - scarf {rC+ rF+}
rCorr   .          Rampage  .    n - +0 pair of gloves
Will    .....                    (boots unavailable)
Stlth   ++........               (no amulet)
HPRegen 0.27/turn                (no ring)
MPRegen 0.11/turn                (no ring)

@: about to teleport, flying quickly and evasively, quick
A: beak, talons 3, nimble flight
a: no special abilities


You were on level 5 of the Dungeon.
You visited 1 branch of the dungeon, and saw 5 of its levels.
You also visited: Ossuary.

You collected 244 gold pieces.

Inventory:

Hand Weapons
 a - a +0 shortbow (weapon)
 b - a +0 whip of draining
 i - a +1 dagger of speed
 m - a +0 rapier
Armour
 c - a +0 leather armour (worn)
 d - a scarf of harm
 k - a scarf of resistance (worn)
 n - a +0 pair of gloves (worn)
Magical Staves
 e - a staff of air
Jewellery
 g - a ring of magical power
Wands
 p - a wand of flame (23)
Scrolls
 f - a scroll of teleportation
 h - a scroll of identify
 q - a scroll of enchant weapon
 r - a scroll of enchant armour
 u - a scroll of brand weapon
Potions
 j - 2 potions of cancellation
 l - 2 potions of lignification
 o - a potion of mutation
 s - a potion of might
 t - a potion of curing


   Skills:
 + Level 5.9 Fighting
 + Level 7.6 Ranged Weapons
 - Level 2.1 Dodging
 - Level 1.0 Stealth


You had 6 spell levels left.
You didn't know any spells.
Your spell library contained the following spells:

 Spells                   Type           Power      Damage    Failure   Level
 Scorch                   Fire           0%         2d5       63%         2
 Sublimation of Blood     Necr           0%         N/A       63%         2
 Flame Wave               Conj/Fire      0%         2d4       99%         4
 Petrify                  Tmut/Erth      0%         N/A       99%         4
 Irradiate                Conj/Tmut      0%         3d11      100%        5
 Summon Cactus Giant      Summ           0%         N/A       100%        6


Dungeon Overview and Level Annotations

Branches:
Dungeon (5/15)            Ossuary (visited)
 Temple: D:4-7

Altars:
Wu Jian

Shops:
D:2 =   D:3 (


Innate Abilities, Weirdness & Mutations

You have a beak for a mouth.
You have claws for feet.
Your magical nature lets you fly swiftly and evasively.


Message History

A worm is nearby!
A worm is nearby!
A worm is nearby!
You shoot an arrow. The arrow hits the worm!
The worm is severely wounded.
You hear a shout!
A dart slug comes into view.
An ogre comes into view. It is wielding a +0 giant spiked club.
A hound comes into view.
You shoot an arrow. The hound barks!
The arrow hits the ogre.
The ogre is lightly wounded.
You shoot an arrow. The arrow hits the ogre.
The ogre is lightly wounded.
A hound comes into view.
You shoot an arrow. The arrow hits the ogre.
The ogre is lightly wounded.
You shoot an arrow. The arrow hits the ogre.
The ogre is moderately wounded.
You shoot an arrow. The arrow hits the ogre!
The ogre is severely wounded.
The ogre closely misses you.
You shoot an arrow. The arrow barely misses the ogre.
The arrow closely misses the hound.
The hound closely misses you.
The ogre hits you with a +0 giant spiked club!!
Ouch! That really hurt!
The hound closely misses you.
You are too injured to fight recklessly!
You are too injured to fight recklessly!
Unknown command.
As you read the scroll of teleportation, it crumbles to dust.
You feel strangely unstable. The hound bites you.
* * * LOW HITPOINT WARNING * * *
The hound bites you.
* * * LOW HITPOINT WARNING * * *
The dart slug briefly extends its eye-stalks.
The hound bites you but does no damage. The hound misses you.
The ogre hits you with a +0 giant spiked club!
You die...

...............#
...............#
#.............###
#.......<......#
######.#######.#
#.# #.# ###.##.#
#..@Ow.# #..hh..#
#.....w....
#......#...
.......# ..
#.###.### . #. ..
#. ⌠.


You could see an ogre, a worm, 2 hounds and a dart slug.

Vanquished Creatures
  A phantom (D:4)
  5 water moccasin zombies (Ossuary)
  A jelly (D:5)
  An orc priest (D:3)
  An orc wizard (D:3)
  2 mummies (Ossuary)
  7 adders
  3 gnolls (D:4)
  4 adder zombies (Ossuary)
  A worm (D:3)
  A dart slug (D:2)
  2 orcs (D:3)
  11 ball pythons
  6 bats
  8 endoplasms
  4 giant cockroaches
  4 gnoll zombies (Ossuary)
  3 goblins
  6 hobgoblins
  11 kobolds
  4 quokkas
  2 frilled lizards
  A goblin zombie (D:4)
  3 hobgoblin zombies (Ossuary)
  7 kobold zombies (Ossuary)
  2 orc zombies (Ossuary)
  5 rats
  A rat zombie (D:4)
107 creatures vanquished.

Notes
Turn   | Place    | Note
-------+----------+-------------------------------------------
     0 | D:1      | hikkokomori the Tengu Hunter began the quest for the Orb.
     0 | D:1      | Reached XP level 1. HP: 12/12 MP: 2/2
    71 | D:1      | Found a faded altar of an unknown god.
   416 | D:1      | Reached XP level 2. HP: 18/18 MP: 3/3
   658 | D:1      | Reached XP level 3. HP: 22/22 MP: 4/4
   971 | D:2      | Reached skill level 5 in Ranged Weapons
  1121 | D:2      | Found Idatate's Jewellery Shop.
  1483 | D:3      | Reached XP level 4. HP: 28/28 MP: 5/5
  1521 | D:3      | Gained mutation: Your magical nature lets you fly swiftly
                  | and evasively. [Tengu growth]
  1521 | D:3      | Reached XP level 5. HP: 22/33 MP: 6/6
  1895 | D:3      | Found Reunips's Weapon Emporium.
  1989 | D:3      | Reached skill level 6 in Ranged Weapons
  2375 | D:4      | Noticed a phantom
  2399 | D:4      | Killed a phantom
  2400 | D:4      | Reached XP level 6. HP: 8/39 MP: 7/7
  2584 | D:4      | Found an ornate altar of the Wu Jian Council.
  2664 | D:4      | Found a sand-covered staircase.
  2692 | Ossuary  | Entered an ossuary
  2741 | Ossuary  | Reached skill level 5 in Fighting
  3757 | Ossuary  | Reached skill level 7 in Ranged Weapons
  3757 | Ossuary  | Reached XP level 7. HP: 44/44 MP: 8/8
  4777 | D:5      | Entered Level 5 of the Dungeon
  4794 | D:5      | Slain by an ogre

Illustrated notes

Levels and vault maps discovered:
D:1:      dpeg_arrival_concentric_ovals, layout_basic,
          hellmonk_ecumenical_altar_arch_garden, minivault_24, minmay_unequal
D:2:      layout_basic, serial_shops, nicolae_square_shop
D:3:      layout_rooms, serial_shops, shop
D:4:      layout_basic, nzn_wu_jian_council_hall, enter_ossuary_4, minivault_19
D:5:      layout_rooms, gup_sewer_entry_spiral, minmay_misc_feat_ornament,
          minmay_chambers_of_fives, uniq_sigmund

Skill      XL: |  1  2  3  4  5  6 |
---------------+-------------------+-----
Ranged Weapons | 5 6 7 |  7.6
Fighting       | 3 4 5 |  5.9
Dodging        | |  2.1
Stealth        | |  1.0

Action                   |  1- 3 |  4- 6 |  7- 9 || total
-------------------------+-------+-------+-------++-------
Melee: Dagger            |       |    17 |    47 ||    64
       Kick              |       |     6 |    18 ||    24
       Peck              |       |     6 |    10 ||    16
       Punch             |       |       |     5 ||     5
 Fire: Shortbow          |   100 |   163 |    14 ||   277
Evoke: Wand              |       |     6 |       ||     6
  Use: Scroll            |       |     8 |     4 ||    12
       Potion            |       |     5 |       ||     5
Armor: Leather armour    |     7 |    21 |     4 ||    32
Dodge: Dodged            |    26 |    69 |    19 ||   114

Table legend: (Time is in decaauts)
 A = Elapsed time spent in this place.
 B = Non-inter-level travel time spent in this place.
 C = Inter-level travel time spent in this place.
 D = Time resting spent in this place.
 E = Time spent auto-exploring this place.
 F = Levels seen in this place.
 G = Mean time per level.
                   A        B        C        D        E       F      G
               +--------+--------+--------+--------+--------+-----+--------+
         Total |   4624 |   4325 |    299 |    916 |   2214 |   6 |  770.7 |
       Dungeon |   3334 |   3035 |    299 |     51 |   2214 |   5 |  666.8 |
       Ossuary |   1290 |   1290 |      0 |    865 |      0 |   1 | 1290.0 |
               +--------+--------+--------+--------+--------+-----+--------+

Top non-repeatable levels by time:
 Ossuary: 1290 daAuts
     D:4: 1114 daAuts
     D:1: 969 daAuts
     D:2: 649 daAuts
     D:3: 582 daAuts
     D:5: 18 daAuts
